 Dungeon Crawl Stone Soup version 0.28-a0-863-g8cecda6153 (webtiles) character file.

Game seed: 2100826835448951515

195 mandarbmax the Skirmisher (level 5, 0/57 HPs)
             Began as an Ogre Gladiator on Nov 18, 2021.
             Slain by a gnoll (4 damage)
             ... on level 3 of the Dungeon.
             The game lasted 00:05:05 (3868 turns).

mandarbmax the Skirmisher (Ogre Gladiator)          Turns: 3868, Time: 00:05:05

Health: 0/57       AC:  3    Str: 18    XL:     5   Next: 74%
Magic:  5/5        EV: 10    Int:  9    God:
Gold:   50         SH:  0    Dex: 11    Spells: 4/4 levels left

rFire   . . .      SeeInvis .   a - +0 quarterstaff
rCold   . . .      Faith    .   (shield currently unavailable)
rNeg    . . .      Spirit   .   b - +0 robe
rPois   .          Reflect  .   c - +0 hat
rElec   .          Harm     .   (no cloak)
rCorr   .          Rampage  .   (gloves unavailable)
Will    .....                   (boots unavailable)
Stlth   +.........              (no amulet)
HPRegen 0.19/turn               (no ring)
MPRegen 0.09/turn               (no ring)

@: no status effects
A: large, unfitting armour, tough skin 1
a: no special abilities


You were on level 3 of the Dungeon.
You visited 1 branch of the dungeon, and saw 3 of its levels.

You collected 141 gold pieces.
You spent 91 gold pieces at shops.

Inventory:

Hand Weapons
 a - a +0 quarterstaff (weapon)
Missiles
 d - 2 throwing nets (quivered)
Armour
 b - a +0 robe (worn)
 c - a +0 hat (worn)
Scrolls
 e - 2 scrolls of identify
 h - a scroll of blinking


   Skills:
 + Level 5.5 Fighting
 + Level 4.7 Staves
 - Level 2.0 Throwing
 - Level 3.0 Dodging


You had 4 spell levels left.
You didn't know any spells.
Your spell library contained the following spells:

 Spells                   Type           Power      Damage    Failure   Level
 Conjure Ball Lightning   Conj/Air       0%         3x3d6     100%        6
 Discord                  Hex            0%         N/A       100%        8
 Disjunction              Tloc           0%         N/A       100%        8


Dungeon Overview and Level Annotations

Branches:
Dungeon (3/15)

Altars:

Shops:
D:1 =   D:2 [   D:3 *


Innate Abilities, Weirdness & Mutations

You are too large for most types of armour.
You have tough skin. (AC +1)


Message History

The creatures around you are filled with an inner flame!
Sorry, you're not good enough to have a special ability.
Unknown command.
You thump the orc!
The orc explodes!
The fiery explosion engulfs you!!
You are engulfed in blazing flames.
Unknown command.
Things that are here:
a +0 war axe; a +0 leather armour
Items here: ))) †.
The orc shouts!
The orc hits you with a +0 flail.
Things that are here:
a +0 flail; a gnoll corpse You hit the orc but do no damage.
The orc hits you with a +0 flail.
* * * LOW HITPOINT WARNING * * *
You closely miss the orc. The orc hits you with a +0 flail.
* * * LOW HITPOINT WARNING * * *
You completely miss the orc. The orc hits you with a +0 flail.
* * * LOW HITPOINT WARNING * * *
You hit the orc.
The orc is moderately wounded.
The orc hits you with a +0 flail!
* * * LOW HITPOINT WARNING * * *
You feel better. The orc closely misses you.
As you read the scroll of teleportation, it crumbles to dust.
You feel strangely unstable. The orc hits you with a +0 flail.
* * * LOW HITPOINT WARNING * * *
Unknown command.
You thump the orc!
You kill the orc!
Items here: $ ( ) [.
Your surroundings suddenly seem different.
The orc shouts!
The gnoll shouts!
The orc hits you with a +0 club.
* * * LOW HITPOINT WARNING * * *
You hear a shout!
Unknown command.
The gnoll hits you from afar with a +0 spear.
You die...

#####''###### .............
...........o. ...........
....... ##''##
#######....######
+.....g....'.....+ #.
#######.@o.####### #'
########''''#############.
........................#.
≈≈≈≈≈≈≈≈....≈≈≈≈≈≈≈≈≈≈≈≈##
≈≈≈≈≈≈≈≈....≈≈≈≈≈≈≈≈≈≈≈≈≈≈
≈≈≈≈≈≈≈≈≈....≈≈≈≈≈≈≈≈≈≈≈≈≈≈
...........................
.........##.##...........##
.........##....######.##)##


You could see a gnoll and an orc.

Vanquished Creatures
  A water moccasin skeleton (D:3)
  3 gnolls (D:3)
  4 adders
  3 worms (D:2)
  9 orcs (D:3)
  6 ball pythons
  2 endoplasms
  A giant cockroach (D:1)
  14 goblins
  2 hobgoblins (D:2)
  2 jackals (D:3)
  A quokka (D:1)
  4 bats
  3 frilled lizards
  5 kobolds
  A rat (D:2)
61 creatures vanquished.

Notes
Turn   | Place    | Note
-------+----------+-------------------------------------------
     0 | D:1      | mandarbmax the Ogre Gladiator began the quest for the Orb.
     0 | D:1      | Reached XP level 1. HP: 22/22 MP: 1/1
   296 | D:1      | Reached skill level 3 in Fighting
   335 | D:1      | Found a faded altar of an unknown god.
   513 | D:1      | Reached XP level 2. HP: 25/31 MP: 2/2
   743 | D:1      | Found Xoutwiwk's Jewellery Shop.
  1076 | D:2      | Reached XP level 3. HP: 13/37 MP: 3/3
  1718 | D:2      | Reached skill level 4 in Fighting
  1951 | D:2      | Reached XP level 4. HP: 39/48 MP: 4/4
  2467 | D:2      | Found Fitwomie's Armour Boutique.
  2499 | D:3      | Found Ugeirid's General Store.
  2524 | D:3      | Reached skill level 5 in Fighting
  2524 | D:3      | Reached XP level 5. HP: 44/57 MP: 5/5
  2593 | D:3      | Bought a scroll of fear for 49 gold pieces
  2593 | D:3      | Bought a potion of curing for 42 gold pieces
  3198 | D:3      | Noticed an ogre
  3868 | D:3      | Slain by a gnoll

Illustrated notes

Levels and vault maps discovered:
D:1:      beargit_arrival_diablo_church, layout_loops_corners,
          dreamdust_ecumenical_altar_hidden_monk_grotto, serial_shops, shop
D:2:      layout_basic, serial_glass, glass_columns_b, glass_columns_a,
          serial_shops, shop
D:3:      lemuel_castle_with_subvaults [lemuel_castle_interior_original],
          layout_basic, serial_shops, shop_fountains, uniq_sigmund

Skill      XL: |  1  2  3  4 |
---------------+-------------+-----
Fighting       | 3 4 5 |  5.5
Dodging        | 3 |  3.0
Staves         | 4 |  4.7
Throwing       | |  2.0

Action                   |  1- 3 |  4- 6 || total
-------------------------+-------+-------++-------
Melee: Quarterstaff      |    89 |    85 ||   174
Throw: Throwing net      |     1 |     1 ||     2
       Dart              |       |    14 ||    14
  Use: Potion            |       |     2 ||     2
       Scroll            |       |     6 ||     6
 Stab: Sleeping          |     1 |     1 ||     2
       Invisible         |       |     2 ||     2
Armor: Robe              |    23 |    17 ||    40
Dodge: Dodged            |    53 |    42 ||    95

Table legend: (Time is in decaauts)
 A = Elapsed time spent in this place.
 B = Non-inter-level travel time spent in this place.
 C = Inter-level travel time spent in this place.
 D = Time resting spent in this place.
 E = Time spent auto-exploring this place.
 F = Levels seen in this place.
 G = Mean time per level.
                   A        B        C        D        E       F      G
               +--------+--------+--------+--------+--------+-----+--------+
         Total |   3889 |   3757 |    132 |    634 |   2578 |   3 | 1296.3 |
       Dungeon |   3889 |   3757 |    132 |    634 |   2578 |   3 | 1296.3 |
               +--------+--------+--------+--------+--------+-----+--------+

Top non-repeatable levels by time:
     D:2: 1584 daAuts
     D:1: 1182 daAuts
     D:3: 1122 daAuts
